Map: 2000 Atmospheres LE

Players

Rogue - Winner!

  • Race: Zerg Zerg

Scarlett

  • Race: Zerg Zerg

Event: DreamHack SC2 Masters 2021 Winter

VOD

Have the link to the VOD?

Description

Time

  • Played on: Nov. 14, 2021, 9:13 a.m.
  • Length: 5:39

All games in this series

Show
View Real Time Build Order
Export as new Build Order

Rogue Zerg - Winner!

Build Orders: Hatch First, Zergling Baneling 

Get SALT Encoding   

  12  0:01  Drone  
  13  0:12  Overlord  
  13  0:17  Drone  
  14  0:31  Drone x2  
  16  0:47  Hatchery  
  15  0:50  Drone  
  15  0:54  Drone  
  17  0:57  Drone  
  18  1:07  Extractor  
  17  1:13  Spawning Pool  
  17  1:15  Drone  
  17  1:18  Drone  
  18  1:28  Drone  
  19  1:48  Drone  
  19  1:49  Drone  
  21  1:59  Queen  
  21  2:00  Zergling x2, Queen  
  26  2:02  Overlord  
  26  2:10  Drone  
  26  2:11  Metabolic Boost, Drone  
  28  2:22  Drone x2  
  30  2:32  Drone x2  
  32  2:37  Hatchery  
  32  2:44  Drone, Zergling x2  
  33  2:52  Baneling Nest  
  33  2:54  Overlord  
  33  2:58  Zergling x2  
  33  3:09  Zergling x6  
  36  3:13  Zergling x6  
  36  3:14  Zergling x4  
  41  3:21  Roach Warren  
  41  3:24  Drone x2  
  42  3:30  Overlord  
  42  3:37  Baneling x2  
  42  3:38  Overlord  
  42  3:43  Zergling x2  
  42  3:44  Zergling x4  
  44  3:49  Zergling x2  
  44  3:50  Zergling x4  
  47  4:00  Zergling x2  
  47  4:01  Zergling x10  
  51  4:16  Zergling x14  
  56  4:27  Zergling x10  
  56  4:30  Baneling x4  
  61  4:31  Baneling  
  61  4:32  Baneling  
  61  4:33  Baneling  
  61  4:39  Baneling  
  61  4:40  Baneling x4  
  61  4:42  Zergling x2  
  62  4:47  Zergling x6  
  65  4:53  Overlord  
  65  4:56  Zergling x2  
  64  5:09  Zergling x8  
  65  5:14  Zergling x8  
  65  5:17  Zergling x2  
Show
View Real Time Build Order
Export as new Build Order

Scarlett Zerg 

Build Orders: Hatch First 

Get SALT Encoding   

  12  0:00  Drone  
  13  0:14  Overlord  
  13  0:18  Drone  
  14  0:32  Drone x2  
  16  0:48  Hatchery  
  15  0:51  Drone  
  15  0:55  Drone  
  17  0:58  Drone  
  18  1:10  Extractor  
  17  1:13  Spawning Pool  
  17  1:16  Drone  
  17  1:20  Drone  
  18  1:30  Drone  
  19  1:40  Drone  
  20  2:00  Queen x2  
  24  2:01  Drone  
  24  2:02  Drone, Overlord  
  26  2:14  Drone x2  
  26  2:15  Metabolic Boost  
  28  2:24  Zergling x4  
  30  2:36  Queen  
  32  2:39  Hatchery  
  32  2:43  Overlord  
  31  2:49  Drone x2  
  33  2:51  Drone  
  34  3:05  Drone  
  35  3:08  Overlord  
  35  3:09  Drone x5  
  40  3:15  Queen  
  42  3:21  Drone x2  
  44  3:30  Evolution Chamber  
  44  3:31  Zergling x8  
  47  3:41  Zergling x4  
  47  3:46  Roach Warren  
  47  3:47  Drone x4  
  52  3:58  Lair  
  52  3:59  Extractor  
  52  4:00  Extractor x2  
  52  4:01  Overlord  
  46  4:17  Overlord  
  46  4:18  Overlord  
  46  4:20  Drone x5  
  46  4:21  Drone  
  52  4:27  Roach x2  
  55  4:38  Drone x4  
  59  4:52  Drone x2  
  61  4:55  Drone x2  
  63  5:00  Roach x2  
  63  5:02  Evolution Chamber  
  63  5:05  Spire  
  63  5:10  Roach x3  
  68  5:16  Roach x2  

Tags
 
Add a new tag
Caveats
  • Supply blocks, unpowered buildings, or Contaminate may cause inaccurate times.
  • Supply counts are checked every 10 seconds.